 Dungeon Crawl Stone Soup version 0.29-a0-721-g7f417c9bbb (webtiles) character file.

Game seed: 18145574919039134094

134 ytrimaz the Ducker (level 4, 0/35 HPs)
             Began as a Demonspawn Gladiator on June 28, 2022.
             Slain by an orc wizard
             ... wielding a +0 dagger
              (3 damage)
             ... on level 2 of the Dungeon.
             The game lasted 00:02:45 (3109 turns).

ytrimaz the Ducker (Demonspawn Gladiator)           Turns: 3109, Time: 00:02:45

Health: 0/35       AC:  7    Str: 17    XL:     4   Next: 95%
Magic:  4/4        EV: 13    Int: 11    God:
Gold:   128        SH:  0    Dex: 14    Spells: 3/3 levels left

rFire   . . .      SeeInvis .   a - +1 rapier
rCold   . . .      Faith    .   (no shield)
rNeg    . . .      Spirit   .   b - +0 leather armour
rPois   .          Reflect  .   c - +0 helmet
rElec   .          Harm     .   f - +2 cloak
rCorr   .          Rampage  .   (no gloves)
Will    .....                   (no boots)
Stlth   +.........              (no amulet)
HPRegen 0.11/turn               (no ring)
MPRegen 0.09/turn               (no ring)

@: no status effects
A: demonic guardian 1, big brain 1
a: no special abilities


You were on level 2 of the Dungeon.
You visited 1 branch of the dungeon, and saw 3 of its levels.

You collected 128 gold pieces.

Inventory:

Hand Weapons
 a - a +1 rapier (weapon)
Missiles
 d - 3 throwing nets (quivered)
 e - a javelin
Armour
 b - a +0 leather armour (worn)
 c - a +0 helmet (worn)
 f - a +2 cloak (worn)
Wands
 l - a wand of iceblast (10)
Scrolls
 i - a scroll of teleportation
Potions
 g - 3 potions of heal wounds {unknown}
 h - a potion of flight {unknown}
 j - a potion of invisibility {unknown}
 k - 2 potions of berserk rage {unknown}
 n - 2 potions of might {unknown}
 o - a potion of attraction {unknown}
 p - a potion of curing {unknown}
 q - a potion of ambrosia {unknown}


   Skills:
 + Level 3.4 Fighting
 - Level 2.6 Short Blades
 - Level 1.7 Throwing
 - Level 1.2 Armour
 + Level 4.1 Dodging


You had 3 spell levels left.
You didn't know any spells.
Your spell library contained the following spells:

 Spells                   Type           Power      Damage    Failure   Level
 Necrotize                Necr           0%         1d4       38%         1
 Ignite Poison            Fire/Tmut/Pois 0%         N/A       77%         3
 Mephitic Cloud           Conj/Pois/Air  0%         N/A       77%         3
 Vampiric Draining        Necr           0%         2d6       77%         3
 Agony                    Necr           0%         N/A       100%        5
 Freezing Cloud           Conj/Ice/Air   0%         6-21      100%        5


Dungeon Overview and Level Annotations

Branches:
Dungeon (3/15)

Altars:


Innate Abilities, Weirdness & Mutations

A weak demonic guardian rushes to your aid.
You have an unusually large brain. (Int +2)


Message History

You hit the orc priest.
The orc priest is almost dead.
The orc priest calls down the wrath of Beogh upon you.
Beogh smites you!
* * * LOW HITPOINT WARNING * * *
A demonic guardian appears!
You are too injured to fight recklessly!
You puncture the orc priest!
You kill the orc priest!
Your Dodging skill increases to level 4!
You are too injured to fight recklessly!
Unknown command.
Something hits you but does no damage. The worm misses you.
Your shadow imp gestures at the worm.
The worm writhes in agony!
There is a stone staircase leading up here.
Unknown command.
Something hits you.
* * * LOW HITPOINT WARNING * * *
Your shadow imp hits the worm.
You climb upwards.
Your summoned ally is left behind.
Reactivating autopickup.
There is a stone staircase leading down, spattered with blood here.
Unknown command.
Unknown command.
You hit the worm.
The worm is almost dead.
The worm barely misses you. Something hits you but does no damage.
Deactivating autopickup; reactivate with Ctrl-A.
You are too injured to fight recklessly!
You hit the worm.
You kill the worm!
Something hits you.
* * * LOW HITPOINT WARNING * * *
You are too injured to fight recklessly!
Something hits you but does no damage.
Items here: )) ÷÷ †.
You are too injured to fight recklessly!
You start resting.
Something hits you.
You die...

##########
#...@>)..#
#.######.# #.#
#.# #.# #.#
###### #.# #.#
.....## #.#
#.########
#.....## #.#
#........#
.......######.#
########.#
..............#
#.#


There were no monsters in sight!

Vanquished Creatures
  2 orc priests
  3 adders (D:2)
  2 worms (D:2)
  2 dart slugs (D:1)
  An orc (D:2)
  2 endoplasms
  A giant cockroach (D:2)
  2 goblins
  2 hobgoblins (D:1)
  2 jackals (D:2)
  4 kobolds
  2 quokkas
  A ball python (D:1)
  3 bats
  7 frilled lizards
  5 rats
41 creatures vanquished.

Vanquished Creatures (collateral kills)
  An orc (D:2)
1 creature vanquished.

Grand Total: 42 creatures vanquished

Notes
Turn   | Place    | Note
-------+----------+-------------------------------------------
     0 | D:1      | ytrimaz the Demonspawn Gladiator began the quest for the
                  | Orb.
     0 | D:1      | Reached XP level 1. HP: 16/16 MP: 1/1
   331 | D:1      | Reached skill level 1 in Armour
   416 | D:1      | Gained mutation: You have an unusually large brain. (Int
                  | +2) [demonic ancestry]
   416 | D:1      | Reached XP level 2. HP: 20/22 MP: 2/2
  1166 | D:2      | Reached skill level 3 in Dodging
  1175 | D:2      | Reached XP level 3. HP: 10/28 MP: 3/3
  2461 | D:2      | Gained mutation: A weak demonic guardian rushes to your
                  | aid. [demonic ancestry]
  2461 | D:2      | Reached XP level 4. HP: 35/35 MP: 4/4
  2500 | D:2      | Found a faded altar of an unknown god.
  3103 | D:3      | Reached skill level 4 in Dodging
  3109 | D:2      | Slain by an orc wizard

Illustrated notes

Levels and vault maps discovered:
D:1:      lemuel_arrival_broad_hall, layout_loops_ring
D:2:      layout_loops_ring, hellmonk_ecumenical_altar_lost_god
D:3:      layout_rooms, nicolae_ashenzari_panopticon

Skill      XL: |  1  2  3  4 |
---------------+-------------+-----
Armour         | 1 |  1.2
Dodging        | 3 4 |  4.1
Fighting       | 3 |  3.4
Short Blades   | |  2.6
Throwing       | |  1.7

Action                   |  1- 3 |  4- 6 || total
-------------------------+-------+-------++-------
Melee: Rapier            |   163 |    20 ||   183
       Punch             |     1 |       ||     1
  Use: Scroll            |     4 |       ||     4
Armor: Leather armour    |    72 |     9 ||    81
Dodge: Dodged            |    89 |    10 ||    99

Table legend: (Time is in decaauts)
 A = Elapsed time spent in this place.
 B = Non-inter-level travel time spent in this place.
 C = Inter-level travel time spent in this place.
 D = Time resting spent in this place.
 E = Time spent auto-exploring this place.
 F = Levels seen in this place.
 G = Mean time per level.
                   A        B        C        D        E       F      G
               +--------+--------+--------+--------+--------+-----+--------+
         Total |   3124 |   3071 |     53 |    460 |   2150 |   3 | 1041.3 |
       Dungeon |   3124 |   3071 |     53 |    460 |   2150 |   3 | 1041.3 |
               +--------+--------+--------+--------+--------+-----+--------+

Top non-repeatable levels by time:
     D:2: 1953 daAuts
     D:1: 1099 daAuts
     D:3: 72 daAuts
